BLB
NEW YORK CYCLONES @ INDIANAPOLIS CLOWNS
04/14/2060
 
TOP OF THE 1ST
Philadelphia Freedom batting - Pitching for Pittsburgh Millers : RHP Justice Michael
Pitching: RHP Justice Michael
Batting: RHB James Goebel 0-0: Called Strike
0-1: Swinging Strike
0-2: Foul Ball, location: 2F
0-2: Strikes out looking
Batting: RHB Isaiah Thomas 0-0: Swinging Strike
0-1: Ball
1-1: Ball
2-1: Ball
3-1: Base on Balls
Batting: LHB Rob Morris 0-0: Ball
1-0: Called Strike
1-1: 2-RUN HOME RUN (Flyball, 9D, EV 93.8 MPH), Distance : 348 ft
Batting: RHB Coby Setko 0-0: Called Strike
0-1: Foul Ball, location: 2F
0-2: Ball
1-2: Foul Ball, location: 2F
1-2: Ball
2-2: Ball
3-2: Foul Ball, location: 2F
3-2: SINGLE (Groundball, 56D, EV 96.2 MPH)
Batting: LHB Amonte Raper 0-0: Ball
1-0: Single, Error in OF, E8, batter to second base (Line Drive, 78M, EV 105.6 MPH)
Coby Setko to third
Batting: RHB Burgess Nalivkin 0-0: Ball
1-0: Ball
2-0: Foul Ball, location: 2F
2-1: Foul Ball, location: 2F
2-2: Ball
3-2: Strikes out looking
Batting: RHB Art Swor 0-0: Foul Ball, location: 2F
0-1: Swinging Strike
0-2: Ball
1-2: Strikes out looking
Top of the 1st over - 2 runs, 3 hits, 1 error, 2 left on base; Philadelphia 2 - Pittsburgh 0
BOTTOM OF THE 1ST
Pittsburgh Millers batting - Pitching for Philadelphia Freedom : RHP Noel Matthews
Pitching: RHP Noel Matthews
Batting: RHB Isaac Pack 0-0: Ball
1-0: Foul Ball, location: 2F
1-1: Ball
2-1: Fly out, F9 (Line Drive, 9, EV 96.9 MPH)
Batting: LHB Jarquez Kafele 0-0: Foul Ball, location: 2F
0-1: Ground out 5-3 (Groundball, 5, EV 104.4 MPH)
Batting: LHB Gavin Tucker 0-0: Ball
1-0: Called Strike
1-1: Called Strike
1-2: SINGLE (Groundball, 6D, EV 105.0 MPH)
Batting: RHB LaMark Canete 0-0: Ball
Gavin Tucker steals 2nd base
1-0: SINGLE (Line Drive, 78S, EV 90.6 MPH)
Gavin Tucker to third
Runner from 3rd tries for Home, throw by LF and OUT! 7-2
Bottom of the 1st over - 0 runs, 2 hits, 0 errors, 1 left on base; Philadelphia 2 - Pittsburgh 0
TOP OF THE 2ND
Philadelphia Freedom batting - Pitching for Pittsburgh Millers : RHP Justice Michael
Batting: RHB James Lester 0-0: Foul Ball, location: 2F
0-1: Foul Ball, location: 2F
0-2: Ball
1-2: Strikes out swinging
Batting: RHB Garret Connors 0-0: Ball
1-0: Swinging Strike
1-1: Ball
2-1: Swinging Strike
2-2: Ball
3-2: Strikes out looking
Batting: RHB James Goebel 0-0: Ball
1-0: Ball
2-0: Fly out, F9 (Line Drive, 9S, EV 96.2 MPH)
Top of the 2nd over - 0 runs, 0 hits, 0 errors, 0 left on base; Philadelphia 2 - Pittsburgh 0
BOTTOM OF THE 2ND
Pittsburgh Millers batting - Pitching for Philadelphia Freedom : RHP Noel Matthews
Batting: LHB Byron Carlton 0-0: Called Strike
0-1: Fly out, F6 (Popup, 56, EV 67.5 MPH)
Batting: LHB Zac Arellanes 0-0: Ball
1-0: Ball
2-0: DOUBLE (Groundball, 3L, EV 96.2 MPH)
Batting: RHB Cato Flaig 0-0: Ground out U3 (Groundball, 34, EV 106.2 MPH)
Zac Arellanes to third
Batting: RHB Tracy Wick 0-0: Ball
1-0: 2-RUN HOME RUN (Flyball, 9D, EV 93.1 MPH), Distance : 352 ft
Batting: LHB Skye Maury 0-0: Ball
1-0: SINGLE (Groundball, 15S, EV 62.5 MPH) (infield hit)
Batting: RHB Isaac Pack 0-0: Called Strike
0-1: Swinging Strike
0-2: Ball
1-2: Foul Ball, location: 2F
1-2: Strikes out swinging
Bottom of the 2nd over - 2 runs, 3 hits, 0 errors, 1 left on base; Philadelphia 2 - Pittsburgh 2
TOP OF THE 3RD
Philadelphia Freedom batting - Pitching for Pittsburgh Millers : RHP Justice Michael
Batting: RHB Isaiah Thomas 0-0: SOLO HOME RUN (Flyball, 7D, EV 97.5 MPH), Distance : 386 ft
Batting: LHB Rob Morris 0-0: Ball
1-0: SINGLE (Groundball, 4MD, EV 102.5 MPH) (infield hit)
Batting: RHB Coby Setko 0-0: Ball
Rob Morris steals 2nd base
1-0: Called Strike
1-1: Ball
2-1: 2-RUN HOME RUN (Flyball, 9LD, EV 95.6 MPH), Distance : 329 ft
Batting: LHB Amonte Raper 0-0: Called Strike
0-1: Ball
1-1: Called Strike
1-2: Strikes out swinging
Batting: RHB Burgess Nalivkin 0-0: Swinging Strike
0-1: Fly out, F9 (Flyball, 89M, EV 95.0 MPH)
Batting: RHB Art Swor 0-0: Called Strike
0-1: Swinging Strike
0-2: Foul Ball, location: 2F
0-2: Strikes out swinging
Top of the 3rd over - 3 runs, 3 hits, 0 errors, 0 left on base; Philadelphia 5 - Pittsburgh 2
BOTTOM OF THE 3RD
Pittsburgh Millers batting - Pitching for Philadelphia Freedom : RHP Noel Matthews
Batting: LHB Jarquez Kafele 0-0: Ground out 4-3 (Groundball, 4, EV 83.1 MPH)
Batting: LHB Gavin Tucker 0-0: Ground out 5-3 (Groundball, 56S, EV 73.8 MPH)
Batting: RHB LaMark Canete 0-0: Ball
1-0: Ground out 5-3 (Groundball, 56S, EV 85.6 MPH)
Bottom of the 3rd over - 0 runs, 0 hits, 0 errors, 0 left on base; Philadelphia 5 - Pittsburgh 2
TOP OF THE 4TH
Philadelphia Freedom batting - Pitching for Pittsburgh Millers : RHP Justice Michael
Batting: RHB James Lester 0-0: Ball
1-0: Ball
2-0: Foul Ball, location: 2F
2-1: Foul Ball, location: 2F
2-2: Strikes out swinging
Batting: RHB Garret Connors 0-0: Ball
1-0: Called Strike
1-1: Swinging Strike
1-2: Strikes out looking
Batting: RHB James Goebel 0-0: Swinging Strike
0-1: Foul Ball, location: 2F
0-2: Foul Ball, location: 2F
0-2: Ground out 3-1 (Groundball, 13, EV 91.2 MPH)
Top of the 4th over - 0 runs, 0 hits, 0 errors, 0 left on base; Philadelphia 5 - Pittsburgh 2
BOTTOM OF THE 4TH
Pittsburgh Millers batting - Pitching for Philadelphia Freedom : RHP Noel Matthews
Batting: LHB Byron Carlton 0-0: Foul Ball, location: 2F
0-1: Ball
1-1: Ball
2-1: Foul Ball, location: 2F
2-2: DOUBLE (Line Drive, 89M, EV 109.4 MPH)
Batting: LHB Zac Arellanes 0-0: Foul Ball, location: 2F
0-1: Fly out, F7 (Flyball, 78M, EV 86.2 MPH)
Runner from 2nd tags up, OUT at 3rd! 7-5
Batting: RHB Cato Flaig 0-0: DOUBLE (Line Drive, 89M, EV 97.5 MPH)
Batting: RHB Tracy Wick 0-0: Called Strike
0-1: Ball
1-1: Swinging Strike
1-2: Strikes out swinging
Bottom of the 4th over - 0 runs, 2 hits, 0 errors, 1 left on base; Philadelphia 5 - Pittsburgh 2
TOP OF THE 5TH
Philadelphia Freedom batting - Pitching for Pittsburgh Millers : RHP Justice Michael
Pitching: RHP Whitney Harris
Batting: RHB Isaiah Thomas 0-0: Called Strike
0-1: Foul Ball, location: 2F
0-2: Ball
1-2: Ball
2-2: Ball
3-2: Ground out 5-3 (Groundball, 56S, EV 83.1 MPH)
Batting: LHB Rob Morris 0-0: Ball
1-0: Ball
2-0: Ball
3-0: Called Strike
3-1: Foul Ball, location: 2F
3-2: Foul Ball, location: 2F
3-2: DOUBLE (Flyball, 8RXD, EV 98.8 MPH)
Batting: RHB Coby Setko 0-0: Called Strike
Rob Morris steals 3rd base (no throw)
0-1: Fly out, F8 (Flyball, 78S, EV 78.1 MPH)
Runner from 3rd tags up, OUT at HOME! 8-2
Top of the 5th over - 0 runs, 1 hit, 0 errors, 0 left on base; Philadelphia 5 - Pittsburgh 2
BOTTOM OF THE 5TH
Pittsburgh Millers batting - Pitching for Philadelphia Freedom : RHP Noel Matthews
Batting: LHB Skye Maury 0-0: Ball
1-0: Ball
2-0: Ground out 4-3 (Groundball, 4, EV 88.8 MPH)
Batting: RHB Isaac Pack 0-0: Fly out, F9 (Flyball, 9, EV 79.4 MPH)
Batting: LHB Jarquez Kafele 0-0: Ball
1-0: Ball
2-0: Ball
3-0: Called Strike
3-1: Ground out 4-3 (Groundball, 4S, EV 68.8 MPH)
Bottom of the 5th over - 0 runs, 0 hits, 0 errors, 0 left on base; Philadelphia 5 - Pittsburgh 2
TOP OF THE 6TH
Philadelphia Freedom batting - Pitching for Pittsburgh Millers : RHP Whitney Harris
Batting: LHB Amonte Raper 0-0: Called Strike
0-1: Called Strike
0-2: Strikes out looking
Batting: RHB Burgess Nalivkin 0-0: Called Strike
0-1: Foul Ball, location: 2F
0-2: Ball
1-2: Ball
2-2: Foul Ball, location: 2F
2-2: Ball
3-2: Base on Balls
Batting: RHB Art Swor 0-0: Ball
1-0: Called Strike
1-1: Ball
2-1: Ball
3-1: Grounds into double play, 5-4-3 (Groundball, 56, EV 107.5 MPH)
Top of the 6th over - 0 runs, 0 hits, 0 errors, 0 left on base; Philadelphia 5 - Pittsburgh 2
BOTTOM OF THE 6TH
Pittsburgh Millers batting - Pitching for Philadelphia Freedom : RHP Noel Matthews
Batting: LHB Gavin Tucker 0-0: Called Strike
0-1: Ball
1-1: TRIPLE (Flyball, 7LD, EV 96.9 MPH)
Batting: RHB LaMark Canete 0-0: Ball
1-0: Ball
2-0: Foul Ball, location: 2F
2-1: Ground out 6-3 (Groundball, 6, EV 79.4 MPH)
Gavin Tucker scores
Batting: LHB Byron Carlton 0-0: Ball
1-0: Foul Ball, location: 2F
1-1: Ball
2-1: Swinging Strike
2-2: Ball
3-2: Foul Ball, location: 2F
3-2: Strikes out swinging
Batting: LHB Zac Arellanes 0-0: Fly out, F7 (Line Drive, 78S, EV 91.9 MPH)
Bottom of the 6th over - 1 run, 1 hit, 0 errors, 0 left on base; Philadelphia 5 - Pittsburgh 3
TOP OF THE 7TH
Philadelphia Freedom batting - Pitching for Pittsburgh Millers : RHP Whitney Harris
Batting: RHB James Lester 0-0: Foul Ball, location: 2F
0-1: Fly out, F7 (Flyball, 78M, EV 73.8 MPH)
Batting: RHB Garret Connors 0-0: Ball
1-0: Called Strike
1-1: Foul Ball, location: 2F
1-2: Foul Ball, location: 2F
1-2: Strikes out swinging
Batting: RHB James Goebel 0-0: Called Strike
0-1: Ball
1-1: Foul Ball, location: 2F
1-2: Fly out, F9 (Line Drive, 9, EV 104.4 MPH)
Top of the 7th over - 0 runs, 0 hits, 0 errors, 0 left on base; Philadelphia 5 - Pittsburgh 3
BOTTOM OF THE 7TH
Pittsburgh Millers batting - Pitching for Philadelphia Freedom : RHP Noel Matthews
Batting: RHB Cato Flaig 0-0: Ball
1-0: Hit by Pitch
Batting: RHB Tracy Wick 0-0: Ball
1-0: Ball
2-0: Called Strike
2-1: SINGLE (Line Drive, 8RS, EV 103.1 MPH)
Cato Flaig to second
Batting: LHB Skye Maury 0-0: Ball
1-0: Ball
2-0: Called Strike
2-1: Called Strike
2-2: SINGLE (Groundball, 4MD, EV 104.4 MPH)
Cato Flaig to third
Tracy Wick to second
Runner from 3rd tries for Home, SAFE, throw by CF to home
Batting: RHB Isaac Pack 0-0: Sac Bunt to 23 - play at first, batter OUT! 3-4
Tracy Wick to third
Skye Maury to second
Batting: LHB Jarquez Kafele 0-0: Called Strike
0-1: Ball
1-1: Foul Ball, location: 2F
1-2: SINGLE (Groundball, 34, EV 94.4 MPH)
Tracy Wick scores
Skye Maury to third
Runner from 3rd tries for Home, SAFE, throw by RF to home
Jarquez Kafele to second
Pitching: RHP Erick Greenway
Batting: LHB Gavin Tucker 0-0: Ball
1-0: 2-RUN HOME RUN (Flyball, 9D, EV 97.5 MPH), Distance : 357 ft
Batting: RHB LaMark Canete 0-0: TRIPLE (Flyball, 78XD, EV 108.8 MPH)
Batting: LHB Byron Carlton 0-0: Called Strike
0-1: Ball
1-1: Fly out, F8 (Flyball, 8RM, EV 91.9 MPH)
Runner from 3rd tags up, OUT at HOME! 8-2
Bottom of the 7th over - 5 runs, 5 hits, 0 errors, 0 left on base; Philadelphia 5 - Pittsburgh 8
TOP OF THE 8TH
Philadelphia Freedom batting - Pitching for Pittsburgh Millers : RHP Whitney Harris
Pitching: LHP Garry Fanalua
Batting: RHB Isaiah Thomas 0-0: Called Strike
0-1: SINGLE (Groundball, 34D, EV 98.8 MPH)
Batting: LHB Rob Morris 0-0: SINGLE (Groundball, 6S, EV 61.9 MPH) (infield hit)
Isaiah Thomas to second
Batting: RHB Coby Setko 0-0: Ball
1-0: Ball
2-0: Foul Ball, location: 2F
2-1: Called Strike
2-2: Strikes out swinging
Batting: RHB Joseph Flynn 0-0: Ball
Balk!
Isaiah Thomas to third
Rob Morris to second
1-0: Ball
2-0: Called Strike
2-1: Called Strike
2-2: Ball
3-2: Strikes out swinging
Batting: RHB Burgess Nalivkin 0-0: Foul Ball, location: 2F
0-1: Called Strike
0-2: Foul Ball, location: 2F
0-2: Foul Ball, location: 2F
0-2: Strikes out swinging
Top of the 8th over - 0 runs, 2 hits, 0 errors, 2 left on base; Philadelphia 5 - Pittsburgh 8
BOTTOM OF THE 8TH
Pittsburgh Millers batting - Pitching for Philadelphia Freedom : RHP Erick Greenway
Batting: LHB Zac Arellanes 0-0: Called Strike
0-1: Called Strike
0-2: Foul Ball, location: 2F
0-2: Ball
1-2: Ball
2-2: Foul Ball, location: 2F
2-2: Ball
3-2: SINGLE (Groundball, 4MD, EV 98.1 MPH)
Batting: RHB Cato Flaig 0-0: Ball
1-0: Called Strike
1-1: 2-RUN HOME RUN (Line Drive, 9LD, EV 88.8 MPH), Distance : 326 ft
Pitching: RHP Elliot Caldwell
Batting: RHB Tracy Wick 0-0: Foul Ball, location: 2F
0-1: Ball
1-1: Ball
2-1: Ball
3-1: Foul Ball, location: 2F
3-2: Fly out, F9 (Flyball, 9, EV 85.6 MPH)
Batting: LHB Skye Maury 0-0: Ball
1-0: Ball
2-0: Ball
3-0: Base on Balls
Batting: RHB Isaac Pack 0-0: Ball
1-0: Ball
2-0: SINGLE (Groundball, 25, EV 73.1 MPH) (infield hit)
Skye Maury to second
Batting: LHB Jarquez Kafele 0-0: Called Strike
0-1: Called Strike
Skye Maury steals 3rd base
0-2: Ball
1-2: Grounds into double play, 5-4-3 (Groundball, 5, EV 103.8 MPH)
Bottom of the 8th over - 2 runs, 3 hits, 0 errors, 1 left on base; Philadelphia 5 - Pittsburgh 10
TOP OF THE 9TH
Philadelphia Freedom batting - Pitching for Pittsburgh Millers : LHP Garry Fanalua
Batting: RHB Art Swor 0-0: Foul Ball, location: 2F
0-1: Swinging Strike
0-2: Strikes out swinging
Batting: RHB James Lester 0-0: Called Strike
0-1: SINGLE (Groundball, 6, EV 106.2 MPH)
Batting: RHB Garret Connors 0-0: Ball
1-0: Ball
2-0: Foul Ball, location: 2F
2-1: Foul Ball, location: 2F
2-2: Strikes out swinging
Batting: RHB James Goebel 0-0: Called Strike
0-1: Swinging Strike
0-2: Ball
1-2: Ball
2-2: Strikes out swinging
Top of the 9th over - 0 runs, 1 hit, 0 errors, 1 left on base; Philadelphia 5 - Pittsburgh 10
Saturday, April 27th , 2024 - OOTP Baseball 23.10 Build 110